 Dungeon Crawl Stone Soup version 0.31-a0-618-g7ca08c1ff9 (webtiles) character file.

Game seed: 6220735443251240802

1357 Dittersdorf the Shield-Bearer (level 8, 0/52 HPs)
             Began as a Gargoyle Fighter on Aug 22, 2023.
             Was a Follower of Okawaru.
             Blown up by Maggie (10 damage)
             ... with a mindburst bolt
             ... on level 6 of the Dungeon.
             The game lasted 00:12:00 (5317 turns).

Dittersdorf the Shield-Bearer (Gargoyle Fighter)    Turns: 5317, Time: 00:12:01

Health: 0/52       AC: 18    Str: 22    XL:     8   Next: 64%
Magic:  5/8        EV: 13    Int:  9    God:    Okawaru [*.....]
Gold:   263        SH:  7    Dex: 13    Spells: 7/7 levels left

rFire   . . .        a - +0 flail
rCold   . . .        c - +0 buckler
rNeg    + . .        n - +0 toga "Victory" {*Victory Clar}
rPois   ∞            (no helmet)
rElec   +            v - +0 cloak
rCorr   .            p - +1 pair of gloves
SInv    .            k - +4 pair of boots of Wrong Decisions {rElec Dex+4}
Will    +....        (no amulet)
Stlth   +++          q - ring of willpower
HPRegen 0.28/turn    (no ring)
MPRegen 0.11/turn

%: clarity
@: mighty, heroic
A: sickness immunity, AC +5, negative energy resistance 1, electricity
resistance, torment resistance 1, petrification resistance
a: Renounce Religion, Heroism


You were on level 6 of the Dungeon.
You worshipped Okawaru.
Okawaru was aware of your devotion.
You visited 2 branches of the dungeon, and saw 7 of its levels.
You also visited: Sewer.

You collected 263 gold pieces.

Inventory:

Hand Weapons
 a - a +0 flail (weapon)
Armour
 c - a +0 buckler (worn)
 k - the +4 pair of boots of Wrong Decisions (worn) {rElec Dex+4}
   (You acquired it on level 3 of the Dungeon)

   Dex+4:     It affects your dexterity (+4).
   rElec:     It insulates you from electricity.
 l - a +0 plate armour
 n - the +0 toga "Victory" (worn) {*Victory Clar}
   (You found it on level 2 of the Dungeon)

   *Victory:  When the wearer kills a threatening monster, it has a chance to
   gain +1 AC, +1 Slay, and +1 Int, capping at +7.
   When the wearer uses a scroll or a potion with a hostile monster in sight,
   its bonuses reset to +0.
   Unequipping it also resets its bonuses to +0.
   Clar:      It protects you from confusion, rage, mesmerisation and fear.
 p - a +1 pair of gloves (worn)
 v - a +0 cloak (worn)
Jewellery
 q - a ring of willpower (left hand)
Scrolls
 e - 3 scrolls of poison
 u - 2 scrolls of teleportation
Potions
 b - 3 potions of resistance
 d - a potion of might
 f - a potion of cancellation
 g - 2 potions of haste {unknown}
 h - a potion of heal wounds
 i - 3 potions of invisibility {unknown}
 j - 2 potions of enlightenment
 m - a potion of magic
 o - a potion of ambrosia {unknown}
 r - 2 potions of curing {unknown}
 s - a potion of brilliance {unknown}
 t - a potion of mutation


   Skills:
 + Level 6.5(11.5) Fighting
 + Level 5.4(10.4) Maces & Flails
 + Level 6.5(11.5) Armour
 + Level 6.5(11.5) Shields


You had 7 spell levels left.
You didn't know any spells.
Your spell library contained the following spells:

 Spells                   Type           Power      Damage    Failure   Level
 Ignite Poison            Fire/Tmut/Pois 0%         N/A       80%         3
 Vhi's Electric Charge    Tloc/Air       0%         N/A       80%         3
 Arcjolt                  Conj/Air       0%         1d10      100%        5
 Freezing Cloud           Conj/Ice/Air   0%         6-21      100%        5
 Maxwell's Capacitive Co  Air            0%         ∞         100%        8
 Cigotuvi's Dreadful Rot  Necr/Pois/Air  Unusable   N/A       N/A         2

Dungeon Overview and Level Annotations

Branches:
Dungeon (6/15)             Temple (1/1) D:5           Sewer (visited)

Altars:
Ashenzari
Cheibriados
Dithmenos
Elyvilon
Fedhas
Gozag
Kikubaaqudgha
Makhleb
Nemelex Xobeh
Okawaru
Qazlal
Ru
Sif Muna
Trog
Vehumet
Wu Jian
Xom
Yredelemnul
Zin
The Shining One

Shops:
D:3 [   D:4 !   D:5 (

Annotations:
D:6 Maggie


Innate Abilities, Weirdness & Mutations

You are immune to sickness and miasma.
Your stone body is resilient. (AC +5)
You are immune to poison.
You resist negative energy. (rN+)
You are resistant to electric shocks. (rElec)
You are resistant to unholy torment.
You are immune to petrification.


Message History

You hit Maggie but do no damage. Maggie gestures at you while chanting.
The bolt of fire hits you!!
You sock Maggie!
Maggie is lightly wounded.
A shadow imp comes into view.
Maggie says, "Did Master Lance send you?"
Maggie hits you with a +1 scimitar of flaming.
Maggie burns you.
You barely miss Maggie.
Maggie is lightly wounded.
Maggie closely misses you.
You closely miss Maggie.
Maggie is lightly wounded.
Maggie hits you but does no damage.
You hit Maggie.
Maggie is moderately wounded.
You hit Maggie.
Maggie is moderately wounded.
Maggie casts a spell.
Maggie attempts to bespell you!
You are unaffected.
You block the shadow imp's attack.
You thump Maggie!
Maggie is severely wounded.
Maggie casts a spell at you. The bolt of fire hits you!
* * * LOW HITPOINT WARNING * * *
You block the shadow imp's attack.
You feel very mighty all of a sudden.
The +0 toga "Victory" stops glowing.
The shadow imp closely misses you.
Maggie mumbles some strange words.
Maggie attempts to bespell you!
You are unaffected.
You feel mightier all of a sudden.
You feel like a meek peon again.
The shadow imp hits you but does no damage.
Maggie gestures wildly while chanting.
Maggie attempts to bespell you!
You are unaffected.
You gain the combat prowess of a mighty hero.
You block the shadow imp's attack.
Maggie zaps a wand.
Your mind is blasted!
You die...

.........# #.# #.####.#.##
......##### #.# #.#####.##
...##.....# #.# #........#
...##...#.#####.####.######.#
.###.................# #.#
..........<.......##.# #.#
.#####.#..........##.# #.# .#
.#...####......# #.# ##
.######..5@##########.# .# .#
#.#.@# #.....# ## #.#..#
#.##### # # #..#
####.######### .# #..#
#...#........) .# ...#
#.##.########. .. #.##
#.##.#### #. .## #.
#.##.##.#####. .#
#.##.#.#......


You could see Maggie and a shadow imp.

Vanquished Creatures
  Menkaure (D:6)
  2 ice beasts (D:5)
  2 ogres (D:5)
  A black bear (D:5)
  A centaur (D:6)
  A hound (D:5)
  5 jellies
  2 sleepcaps
  2 orc priests
  Jessica (D:2)
  An orc wizard (D:5)
  4 iguanas
  5 adders
  7 gnolls
  3 worms
  5 dart slugs
  21 orcs
  5 bats
  7 endoplasms
  14 giant cockroaches
  4 goblins
  8 hobgoblins
  A jackal (D:1)
  3 quokkas
  8 ball pythons
  6 frilled lizards
  9 kobolds
  14 rats
143 creatures vanquished.

Notes
Turn   | Place    | Note
-------+----------+-------------------------------------------
     0 | D:1      | Dittersdorf the Gargoyle Fighter began the quest for the
                  | Orb.
     0 | D:1      | Reached XP level 1. HP: 14/14 MP: 1/1
    14 | D:1      | Found a faded altar of an unknown god.
   133 | D:1      | Reached XP level 2. HP: 19/19 MP: 2/2
   374 | D:1      | Reached XP level 3. HP: 23/23 MP: 3/3
  1261 | D:2      | Found the +0 toga "Victory" {*Victory Clar}
  1316 | D:2      | Noticed Jessica
  1322 | D:2      | Killed Jessica
  1323 | D:2      | Reached XP level 4. HP: 24/29 MP: 4/4
  1492 | D:3      | Found a snail-covered altar of Cheibriados.
  1492 | D:3      | Found an ancient bone altar of Kikubaaqudgha.
  1493 | D:3      | Found a radiant altar of Vehumet.
  1552 | D:3      | Found Usamyrchima's Antique Armour Shoppe.
  1603 | D:3      | Found a glowing drain.
  1624 | D:3      | Reached XP level 5. HP: 32/33 MP: 5/5
  1632 | Sewer    | Entered a sewer
  1864 | Sewer    | Found a viscous altar of Jiyva.
  1899 | Sewer    | Reached XP level 6. HP: 22/39 MP: 6/6
  2207 | D:3      | Identified a scroll of acquirement
  2207 | D:3      | Acquired the +4 pair of boots of Wrong Decisions {rElec
                  | Dex+4}
  2668 | D:4      | Found Efiguam's Distillery.
  2784 | D:4      | HP: 1/39 [gnoll/+0 halberd (7)]
  3621 | D:4      | Reached skill level 5 in Fighting
  3766 | D:5      | Entered Level 5 of the Dungeon
  3868 | D:5      | Reached skill level 5 in Armour
  3868 | D:5      | Reached skill level 5 in Shields
  3947 | D:5      | Reached XP level 7. HP: 26/44 MP: 7/7
  4434 | D:5      | Found a staircase to the Ecumenical Temple.
  4443 | Temple   | Entered the Ecumenical Temple
  4452 | Temple   | Became a worshipper of Warmaster Okawaru
  4475 | D:5      | Reached XP level 8. HP: 49/51 MP: 8/8
  4632 | D:5      | Reached skill level 5 in Maces & Flails
  4715 | D:5      | Found Huollyor's Weapon Shoppe.
  4909 | D:6      | Noticed Menkaure
  4916 | D:6      | Killed Menkaure
  4916 | D:6      | Reached * piety under Okawaru
  5301 | D:6      | Noticed Maggie
  5317 | D:6      | Blown up by Maggie

Illustrated notes

Levels and vault maps discovered:
D:1:      minmay_arrival_five_plusses, layout_basic,
          ebering_ecumenical_altar_rust, minmay_box_of_dots
D:2:      layout_basic, uniq_jessica
D:3:      layout_loops_ring, gammafunk_temple_overflow_claw, serial_shops,
          nicolae_lakefront_shop, gup_sewer_entry_glass, dk_vineyard_3
D:4:      layout_gridville, serial_shops, shop, minivault_4
D:5:      layout_basic, minmay_temple_entry_glass, serial_shops, shop,
          st_stairs_2
D:6:      layout_loops_ring, uniq_maggie, uniq_menkaure
Temple:   sentei_temple_godly_chess

Skill      XL: |  1  2  3  4  5  6  7  8 |
---------------+-------------------------+-----
Shields        | 4 5 6 |  6.5
Fighting       | 4 5 6 |  6.5
Armour         | 4 5 6 |  6.5
Maces & Flails | 3 4 5 |  5.4

Action                     |  1- 3 |  4- 6 |  7- 9 || total
---------------------------+-------+-------+-------++-------
  Melee: Flail             |   125 |   263 |   108 ||   496
 Invoke: Heroism           |       |       |     2 ||     2
    Use: Scroll            |       |    14 |     1 ||    15
         Potion            |       |       |     2 ||     2
   Stab: Sleeping          |       |     2 |     1 ||     3
 Armour: Scale mail        |    61 |       |       ||    61
         Robe              |       |   126 |    52 ||   178
  Dodge: Dodged            |    65 |   185 |    57 ||   307
  Block: Buckler           |    27 |    60 |    26 ||   113

Table legend: (Time is in decaauts)
 A = Elapsed time spent in this place.
 B = Non-inter-level travel time spent in this place.
 C = Inter-level travel time spent in this place.
 D = Time resting spent in this place.
 E = Time spent auto-exploring this place.
 F = Levels seen in this place.
 G = Mean time per level.
                   A        B        C        D        E       F      G
               +--------+--------+--------+--------+--------+-----+--------+
         Total |   5482 |   5135 |    347 |    554 |   3191 |   8 |  685.2 |
       Dungeon |   4986 |   4655 |    331 |    554 |   2909 |   6 |  831.0 |
        Temple |     18 |      2 |     16 |      0 |      0 |   1 |   18.0 |
         Sewer |    476 |    476 |      0 |      0 |    281 |   1 |  476.0 |
               +--------+--------+--------+--------+--------+-----+--------+

Top non-repeatable levels by time:
     D:3: 1151 daAuts
     D:5: 970 daAuts
     D:1: 883 daAuts
     D:4: 795 daAuts
     D:2: 649 daAuts
     D:6: 536 daAuts
   Sewer: 476 daAuts
  Temple: 18 daAuts
